 Dungeon Crawl Stone Soup version 0.20-a0-17-g69bea3c (webtiles) character file.

1441 Gagarin the Geomancer (level 8, -8/66 HPs)
             Began as a Gargoyle Earth Elementalist on Nov 5, 2016.
             Mangled by an orc warrior
             ... wielding a +0 dire flail
              (18 damage)
             ... on level 6 of the Dungeon.
             The game lasted 00:21:35 (6191 turns).

Gagarin the Geomancer (Gargoyle Earth Elementalist) Turns: 6191, Time: 00:21:36

Health: -8/66      AC: 10    Str: 18    XL:     8   Next: 74%
Magic:  4/17       EV: 12    Int: 17    God:
Gold:   312        SH:  0    Dex: 10    Spells: 3 memorised, 10 levels left

rFire  . . .     SeeInvis .     s - +1 whip (elec)
rCold  . . .     Gourm    .     c - +0 robe
rNeg   + . .     Faith    .     (no shield)
rPois  ∞         Spirit   .     (no helmet)
rElec  +         Reflect  .     a - +2 cloak
rCorr  .         Harm     .     (no gloves)
MR     .....                    (no boots)
Stlth  ..........               (no amulet)
                                (no ring)
                                (no ring)

@: berserking, very slightly contaminated, very quick
A: negative energy resistance 1, electricity resistance, unbreathing,
petrification resistance, rot immunity, AC +5
a: no special abilities


You were on level 6 of the Dungeon.
You were not hungry.

You visited 1 branch of the dungeon, and saw 6 of its levels.

You collected 312 gold pieces.

Inventory:

Hand Weapons
 s - a +1 whip of electrocution (weapon)
Missiles
 b - 145 stones (quivered)
Armour
 a - a +2 cloak (worn)
 c - a +0 robe (worn)
 u - a +0 leather armour
 y - +0 swamp dragon scales
Jewellery
 t - an uncursed ring of fire
Wands
 r - a wand of confusion (44/48)
 C - a wand of flame (23/48)
Scrolls
 i - 3 scrolls of immolation
 l - 2 scrolls of recharging
 m - 5 scrolls of identify
 n - 3 scrolls of noise {unknown}
 o - 2 scrolls of remove curse {unknown}
 p - 2 scrolls of teleportation {unknown}
 x - 4 scrolls of magic mapping {unknown}
 z - a scroll of blinking {unknown}
Potions
 g - a potion of brilliance {unknown}
 h - a potion of might {unknown}
 j - a potion of berserk rage
 k - 2 potions of haste
 q - 2 potions of mutation
 v - a potion of agility {unknown}
 A - a potion of resistance {unknown}
 E - a potion of flight {unknown}
Books
 e - a book of Geomancy

   Spells                             Type                      Level
   a - Sandblast                      Earth                        1
   b - Passwall                       Transmutation/Earth          2
   c - Stone Arrow                    Conjuration/Earth            3
   d - Petrify                        Transmutation/Earth          4
   e - Lee's Rapid Deconstruction     Earth                        5
Comestibles
 d - 4 bread rations
 f - 2 beef jerkies
 w - a slice of pizza
 B - a meat ration
 D - 2 chunks of flesh


   Skills:
 - Level 2.0 Fighting
 - Level 2.2 Maces & Flails
 - Level 1.6 Dodging
 - Level 2.1 Stealth
 * Level 6.1 Spellcasting
 + Level 3.7 Conjurations
   Level 0.7 Transmutations
 * Level 8.8 Earth Magic


You had 10 spell levels left.
You knew the following spells:

 Your Spells              Type           Power        Failure   Level  Hunger
a - Sandblast             Erth           #####.       1%          1    None
b - Stone Arrow           Conj/Erth      ####..       3%          3    ##.....
c - Lee's Rapid Deconstr  Erth           #####.....   12%         5    #####..


Dungeon Overview and Level Annotations

Branches:
Dungeon (6/15)
 Temple: D:4-7

Altars:
Ashenzari
Dithmenos
Gozag
Kikubaaqudgha
Makhleb
Nemelex Xobeh
Trog
Uskayaw
The Shining One


Innate Abilities, Weirdness & Mutations

You are resistant to torment.
Your stone body is resilient. (AC +5)
You are immune to poison.
You resist negative energy. (rN+)
You are resistant to electric shocks. (rElec)
You can survive without breathing.
You are immune to petrification.
You are immune to rotting.


Message History

Aiming: Sandblast
Press: ? - help, Shift-Dir - straight line, f/p - orc priest
Aim: an orc priest, wielding a club The rocky blast misses the orc warrior.
The rocky blast hits the orc priest.
The orc priest is moderately wounded.
The orc wizard casts a spell.
The orc wizard blinks!
The orc warrior hits you with a dire flail!
* * * LOW HITPOINT WARNING * * *
Do you really want to go berserk while wielding your 145 stones?
Okay, then.
Wield which item (- for none, * to show all)? (? for menu, Esc to quit)
You hear the crackle of electricity.
s - a +1 whip of electrocution (weapon)
The orc priest calls upon Beogh to heal the orc warrior.
The orc warrior is healed somewhat.
A red film seems to cover your vision as you go berserk!
You feel yourself moving faster!
You feel mighty!
The orc warrior hits you with a dire flail!!
You die...

######..######....>......#
#.........#.....###.#
#...............# #.#
#...#####o###.### #.# #...### #o#
#.# #.# #....># #.# #.# #.#
##########..#.# #.###.#####.####
......#.....#o###...............
#............§@oo..#.#####.####
#.####.###.#.#####.# #.#### #.#
#.#.# #.# #...##
#.#.####.###.#.#####.#.######...#
#.#................#..........#..
#.######[###...........######...#
...## #)# ###.###.#..# ##.##
....####.# #.# #.#..# #.##
.........# #.###.#..##### #.##


You could see an orc warrior, an orc priest and an orc wizard.

Vanquished Creatures
  Duvessa (D:6)
  An ice beast (D:6)
  2 phantoms (D:4)
  3 ogres
  The ghost of sergedm the Conjurer, an amateur DECj (D:3)
  3 scorpions
  Dowan (D:6)
  A howler monkey (D:6)
  3 orc priests (D:5)
  A hound (D:4)
  A centaur skeleton (D:5)
  Crazy Yiuf (D:2)
  An orc wizard (D:5)
  3 worker ants
  3 gnolls (D:2)
  9 adders
  A shadow imp (D:5)
  An ooze (D:4)
  3 worms
  A dart slug (D:1)
  2 leopard geckos
  14 orcs
  3 giant cockroaches (D:1)
  13 goblins
  6 hobgoblins
  6 jackals
  9 kobolds
  2 quokkas
  3 ball pythons (D:3)
  9 bats
  5 frilled lizards
  A jackal zombie (D:5)
  A leopard gecko skeleton (D:5)
  5 rats
120 creatures vanquished.

Notes
Turn   | Place    | Note
-------+----------+-------------------------------------------
     0 | D:1      | Gagarin the Gargoyle Earth Elementalist began the quest for the Orb.
     0 | D:1      | Reached XP level 1. HP: 10/10 MP: 3/3
   248 | D:1      | Reached XP level 2. HP: 15/15 MP: 5/5
   342 | D:1      | Reached skill level 4 in Earth Magic
  1049 | D:1      | Reached XP level 3. HP: 20/20 MP: 4/6
  1214 | D:1      | Learned a level 3 spell: Stone Arrow
  1464 | D:2      | Reached skill level 1 in Maces & Flails
  1464 | D:2      | Reached XP level 4. HP: 24/24 MP: 4/8
  1467 | D:2      | Reached skill level 1 in Fighting
  1479 | D:2      | Reached skill level 5 in Earth Magic
  1897 | D:2      | Found a burning altar of Makhleb.
  1898 | D:2      | Found an ancient bone altar of Kikubaaqudgha.
  2004 | D:2      | Found a hide-covered altar of Uskayaw.
  2043 | D:2      | Found a runed door.
  2324 | D:2      | Noticed Crazy Yiuf
  2330 | D:2      | Killed Crazy Yiuf
  2330 | D:2      | Reached XP level 5. HP: 24/29 MP: 3/9
  2466 | D:3      | Noticed sergedm's ghost (amateur DECj)
  2484 | D:3      | Killed sergedm's ghost
  2764 | D:3      | Reached XP level 6. HP: 35/35 MP: 11/11
  2786 | D:3      | Learned a level 5 spell: Lee's Rapid Deconstruction
  3164 | D:4      | Reached skill level 6 in Earth Magic
  3255 | D:4      | Reached skill level 1 in Conjurations
  3255 | D:4      | Reached XP level 7. HP: 23/40 MP: 0/13
  3645 | D:4      | Found an opulent altar of Gozag.
  3646 | D:4      | Found a glowing golden altar of the Shining One.
  3647 | D:4      | Found a bloodstained altar of Trog.
  3647 | D:4      | Found a sparkling altar of Nemelex Xobeh.
  3659 | D:4      | Reached skill level 7 in Earth Magic
  3660 | D:4      | Found a shadowy altar of Dithmenos.
  3662 | D:4      | Found a shattered altar of Ashenzari.
  3990 | D:4      | Reached skill level 5 in Spellcasting
  4262 | D:5      | Entered Level 5 of the Dungeon
  4310 | D:5      | Reached XP level 8. HP: 44/44 MP: 15/15
  4672 | D:5      | Reached skill level 8 in Earth Magic
  5239 | D:5      | You fall through a shaft!
  5685 | D:6      | Noticed Duvessa
  5687 | D:6      | Noticed Dowan
  5697 | D:6      | Killed Duvessa
  5704 | D:6      | Killed Dowan
  6191 | D:6      | Mangled by an orc warrior

Vault maps used:
D:1:      dpeg_arrival_rooms_a
D:2:      gammafunk_temple_overflow_pools, lemuel_coloured_pillars_altar,
          uniq_crazy_yiuf_cottage
D:4:      corexii_shack_village, minitemple, first_bread
D:6:      grunt_ministairs_7, uniq_duvessa

Skill      XL: |  1  2  3  4  5  6  7  8 |
---------------+-------------------------+-----
Earth Magic    | 4 5 6 7 8 |  8.8
Maces & Flails | 1 2 |  2.2
Fighting       | 1 2 |  2.0
Spellcasting   | 3 4 5 6 |  6.1
Conjurations   | 1 2 3 |  3.7
Dodging        | |  1.6
Stealth        | |  2.1
Transmutations | |  0.7

Action                   |  1- 3 |  4- 6 |  7- 9 || total
-------------------------+-------+-------+-------++-------
Melee: Unarmed           |     5 |       |       ||     5
       Mace              |    46 |    23 |       ||    69
       Whip              |       |    55 |    84 ||   139
 Cast: Sandblast         |    32 |    38 |    50 ||   120
       Stone Arrow       |       |     7 |     8 ||    15
       Lee's Rapid Decon |       |       |     3 ||     3
Evoke: Wand              |       |       |     4 ||     4
  Use: Scroll            |       |       |     5 ||     5
       Potion            |       |       |     2 ||     2
 Stab: Sleeping          |       |     3 |     2 ||     5
  Eat: Chunk             |     2 |     6 |    10 ||    18
       Pizza             |       |       |     1 ||     1
Armor: Robe              |    19 |    50 |    43 ||   112
Dodge: Dodged            |    63 |    74 |    67 ||   204
